 Dungeon Sprint DCSS version 0.32-a0-673-g3729bd50f8 (webtiles) character file.

Game seed: 1014686712565199472

6 nuthulu the Shield-Bearer (level 2, -2/27 HPs)
             Began as a Formicid Fighter on Mar 10, 2024.
             Was an Initiate of Makhleb.
             Killed by an exploding black draconian (12 damage)
             ... ignited by their inner flame
             ... in the Dungeon (Sprint V: "Ziggurat Sprint").
             The game lasted 00:00:49 (79 turns).

nuthulu the Shield-Bearer (Formicid Fighter)          Turns: 79, Time: 00:00:50

Health: -2/27      AC: 27    Str: 32    XL:     2   Next: 0%
Magic:  2/2        EV:  2    Int:  7    God:    Makhleb [......]
Gold:   0          SH: 28    Dex: 13    Spells: 1/1 levels left

rFire   + + .        y - +7 great mace "Firestarter" {flame, immolate, rFlCloud rF++}
rCold   . . .        A - +18 shield of the Gong {Loud rN+ Will+ rCorr EV-5}
rNeg    + . .        z - +15 Maxwell's patent armour {-Cast -Tele rElec Will+ rCorr}
rPois   .            (helmet unavailable)
rElec   +            (no cloak)
rCorr   +            (no gloves)
SInv    +            (no boots)
Will    ++...        (no amulet) Stlth
                     w - +6 ring of strength
HPRegen 0.24/turn    x - +6 ring of strength
MPRegen 0.08/turn

%: no spellcasting
@: invisible
A: permanent stasis, dig shafts and tunnels, antennae 3, four strong arms
a: Dig, Renounce Religion


You were in the Dungeon.
You worshipped Makhleb.
Makhleb was noncommittal.
You visited 1 branch

Inventory:

Hand Weapons
 a - a +0 flail
 y - the +7 great mace "Firestarter" (weapon) {flame, immolate, rFlCloud rF++}
   (You found it in the Dungeon)

   rFlCloud:  It grants immunity to clouds of flame.
   rF++:      It greatly protects you from fire.
Armour
 b - a +0 scale mail
 c - a +0 buckler
 z - the +15 Maxwell's patent armour (worn) {-Cast -Tele rElec Will+ rCorr}
   (You found it in the Dungeon)

   rElec:     It insulates you from electricity.
   Will+:     It increases your willpower.
   -Cast:     It prevents spellcasting.
   -Tele:     It prevents most forms of teleportation.
   rCorr:     It protects you from acid and corrosion.
 A - the +18 shield of the Gong (worn) {Loud rN+ Will+ rCorr EV-5}
   (You found it in the Dungeon)

   Loud:      It is deafeningly noisy when blocking attacks.
   EV-5:      It affects your evasion (-5).
   rN+:       It protects you from negative energy.
   Will+:     It increases your willpower.
   rCorr:     It protects you from acid and corrosion.
Jewellery
 r - a ring of flight
 s - a +6 ring of dexterity
 t - a +6 ring of dexterity
 u - a +6 ring of intelligence
 v - a +6 ring of intelligence
 w - a +6 ring of strength (left hand)
 x - a +6 ring of strength (right hand)
Wands
 p - a wand of mindburst (7)
 q - a wand of light (7)
Scrolls
 l - 4 scrolls of amnesia
 m - 7 scrolls of fog
 n - 5 scrolls of identify
 o - 2 scrolls of fear
Potions
 d - 6 potions of might
 e - 10 potions of curing
 f - 7 potions of heal wounds
 g - 7 potions of magic
 h - 2 potions of brilliance
 i - a potion of invisibility
 j - 4 potions of resistance


   Skills:
 + Level 5.2 Fighting
 + Level 4.1 Maces & Flails
 + Level 5.2 Armour
 + Level 6.2 Shields


You had one spell level left.
You didn't know any spells.
Your spell library was empty.

Dungeon Overview and Level Annotations

Branches:
Dungeon (1/1)

Altars:
Ashenzari
Cheibriados
Dithmenos
Elyvilon
Fedhas
Gozag
Hepliaklqana
Kikubaaqudgha
Makhleb
Nemelex Xobeh
Okawaru
Qazlal
Ru
Sif Muna
Trog
Uskayaw
Vehumet
Wu Jian
Xom
Yredelemnul
Zin
The Shining One
Beogh
Jiyva
Lugonu

Annotations:
D 1 transporter


Innate Abilities, Weirdness & Mutations

You cannot be hasted, slowed, berserked, paralysed or teleported.
You can dig through walls and to a lower floor.
You have a pair of large antennae on your head. (SInv)
Your four strong arms can wield two-handed weapons with a shield.


Message History

BOUMMMMG!
The black draconian breathes lightning at you.
The bolt of lightning hits you. You resist.
The death cob hits you but does no damage.
You block the black draconian's attack.
PTOANNNG!
The death cob hits you but does no damage.
Unknown command.
You catch the helpless death cob completely off-guard!
You bludgeon the death cob!! You burn the death cob!
The death cob is filled with an inner flame.
The death cob is severely damaged.
You block the black draconian's attack.
PANG!
You bludgeon the black draconian!!
Flame seeps out of the black draconian.
You burn the black draconian!
Flame seeps out of the black draconian.
The black draconian is heavily wounded.
You block the death cob's attack.
GONNNNG!
The black draconian is engulfed in blazing flames.
Flame seeps out of the black draconian.
You block the black draconian's attack.
SHROANNG!
You block the death cob's attack.
GONNNNG!
You bludgeon the death cob!! You burn the death cob. Makhleb accepts your kill.
The death cob explodes!
The fiery explosion engulfs you. You resist.
The fiery explosion engulfs the black draconian!!
Flame seeps out of the black draconian.
The black draconian is almost dead.
The black draconian is engulfed in blazing flames.
Flame seeps out of the black draconian.
The black draconian breathes lightning at you.
The bolt of lightning hits you. You resist.
The black draconian is engulfed in blazing flames.
Makhleb accepts your kill.
The black draconian explodes!
The fiery explosion engulfs you! You resist.
You die...

▓▓▓▓▓▓▓
▓.ß©ß.▓
{{
▓.....▓
▓.[.[.▓
▓§§...▓
▓.°§..▓
▓§§@..▓
▓▓▓▓▓▓▓
{{{ { {


There were no monsters in sight!

Vanquished Creatures
  A death cob (D)
  A black draconian (D)
2 creatures vanquished.

Notes
Turn   | Place    | Note
-------+----------+-------------------------------------------
     0 | D        | nuthulu the Formicid Fighter began the quest for the Orb.
     0 | D        | Reached XP level 1. HP: 18/18 MP: 1/1
     0 | D        | Found a shimmering blue altar of Sif Muna.
     0 | D        | Found a sacrificial altar of Ru.
     0 | D        | Found a bloodstained altar of Trog.
     0 | D        | Found a stormy altar of Qazlal.
     0 | D        | Found an iron altar of Okawaru.
     0 | D        | Found a sparkling altar of Nemelex Xobeh.
     0 | D        | Found a blossoming altar of Fedhas.
     0 | D        | Found the +6 Majin-Bo {spellvamp, MP+6 Int+6}
     0 | D        | Found the +27 heavy crossbow "Sniper" {heavy, Acc+∞ SInv}
     0 | D        | Found the +10 dark maul {heavy}
     0 | D        | Found the +15 Maxwell's patent armour {-Cast -Tele rElec
                  | Will+ rCorr}
     0 | D        | Found the +18 shield of the Gong {Loud rN+ Will+ rCorr
                  | EV-5}
     0 | D        | Found the +16 obsidian axe {drain, demonic, Mesm ^Drain Fly
                  | SInv}
     0 | D        | Found the +7 great mace "Firestarter" {flame, immolate,
                  | rFlCloud rF++}
     0 | D        | Found the +6 shillelagh "Devastator" {shatter}
     0 | D        | Found the +11 plutonium sword {^Contam Stlth-}
     0 | D        | Found the +8 lance "Wyrmbane" {slay drac, rPois rF+ rC+
                  | AC+3}
     0 | D        | Found the +9 sword of Zonguldrok {reap}
     0 | D        | Found the +13 scythe of Curses {drain, curses, ^Drain}
     0 | D        | Found the +9 sword of Power {lifebolt}
     0 | D        | Found the +7 mace of Variability {chaos, chaos arc}
     0 | D        | Found the +11 Singing Sword {sonic wave}
     0 | D        | Found the +8 storm bow {elec, penet}
     2 | D        | Found a transporter.
     2 | D        | Found an ancient bone altar of Kikubaaqudgha.
     2 | D        | Found a viscous altar of Jiyva.
     2 | D        | Found a corrupted altar of Lugonu.
     2 | D        | Found a hazy altar of Hepliaklqana.
     2 | D        | Found a burning altar of Makhleb.
     2 | D        | Found an opulent altar of Gozag.
    46 | D        | Became a worshipper of Makhleb the Destroyer
    52 | D        | Reached skill level 5 in Fighting
    52 | D        | Reached skill level 5 in Armour
    52 | D        | Reached skill level 6 in Shields
    52 | D        | Reached XP level 2. HP: 27/27 MP: 2/2
    66 | D        | Entered arena 2.
    66 | D        | Noticed a death cob
    66 | D        | Noticed a black draconian
    66 | D        | Found a transporter.
    73 | D        | HP: 1/27 [black draconian/bolt of lightning (8)]
    79 | D        | Killed a death cob
    79 | D        | Killed a black draconian
    79 | D        | Killed by an exploding black draconian... ignited by their
                  | inner flame

Illustrated notes

Levels and vault maps discovered:
D:        sprint_v [room_start, room_1, room_2, room_3, room_4, room_5, room_6,
          room_7, room_8, room_9, room_10, room_11, room_12, room_13, room_14,
          room_15, room_16, room_17, room_18, room_19, room_20, room_21,
          room_22, room_23, room_24, room_25, room_26, room_27]

Skill      XL: |  1 |
---------------+----+-----
Fighting       | 5 |  5.2
Maces & Flails | 4 |  4.1
Armour         | 5 |  5.2
Shields        | 6 |  6.2

Action                     || total
---------------------------++-------
  Melee: Great mace        ||     9
    Use: Potion            ||     5
   Stab: Invisible         ||     1
 Armour: Plate armour      ||    23
  Dodge: Dodged            ||     2
  Block: Kite shield       ||    30

Table legend: (Time is in decaauts)
 A = Elapsed time spent in this place.
 B = Non-inter-level travel time spent in this place.
 C = Inter-level travel time spent in this place.
 D = Time resting spent in this place.
 E = Time spent auto-exploring this place.
 F = Levels seen in this place.
 G = Mean time per level.
                   A        B        C        D        E       F      G
               +--------+--------+--------+--------+--------+-----+--------+
         Total |     81 |     81 |      0 |      0 |      0 |   1 |   81.0 |
       Dungeon |     81 |     81 |      0 |      0 |      0 |   1 |   81.0 |
               +--------+--------+--------+--------+--------+-----+--------+

Top non-repeatable levels by time:
       D: 81 daAuts
